 Dungeon Sprint DCSS version 0.19.3-4-gbf9329e (webtiles) character file.

1177 Kagutsuchi the Fighter (level 8, -20/108 (109) HPs)
             Began as a Green Draconian Berserker on Jan 28, 2017.
             Was an Elder of Trog.
             Demolished by a tyrant leech (22 damage)
             ... in the Dungeon (Sprint II: "The Violet Keep of Menkaure").
             The game lasted 00:01:14 (561 turns).

Kagutsuchi the Fighter (Green Draconian Berserker)   Turns: 561, Time: 00:01:14

HP:   -20/108 (109) AC:  6    Str: 22 (24) XL:     8   Next: 18%
MP:   8/8           EV: 17    Int:  4 (8)  God:    Trog [****..]
Gold: 486           SH:  0    Dex: 11      Spells: 0 memorised, 7 levels left

rFire  . . .     SeeInvis .     a - +0 falchion
rCold  . . .     Gourm    .     (armour unavailable)
rNeg   . . .     Faith    .     (no shield)
rPois  +         Spirit   .     (helmet restricted)
rElec  .         Reflect  .     (no cloak)
rCorr  .         Harm     .     (no gloves)
MR     .....     Clarity  +     (no boots)
Stlth  .......... NoTele   +    (no amulet)
                                (no ring)
                                (no ring)

@: berserking (expiring), very quick
A: breathe noxious fumes, unfitting armour, clarity, deterioration 2, frail 1,
poison resistance, weak 1, no device heal 1, cold-blooded, MP-powered wands, AC
+6
a: Breathe Noxious Fumes, Berserk, Trog's Hand, Brothers in Arms, Burn
Spellbooks, Renounce Religion


You were in the Dungeon.
You worshipped Trog.
Trog was greatly pleased with you.
You were not hungry.

You visited 1 branch You collected 486 gold pieces.

Inventory:

Hand Weapons
 a - a +0 falchion (weapon)
 i - a +0 spear
Scrolls
 h - a scroll of blinking
Potions
 c - a potion of curing
 d - a potion of heal wounds
 e - a potion of haste
 f - 2 potions of magic
 g - a potion of berserk rage


   Skills:
 + Level 11.6 Fighting
 + Level 11.4 Long Blades
 + Level 9.6 Dodging


You had 7 spell levels left.
You didn't know any spells.

Dungeon Overview and Level Annotations

Branches:
Dungeon (1/1)

Altars:


Innate Abilities, Weirdness & Mutations

You can breathe blasts of noxious fumes.
Your lurid green scales are hard. (AC +6)
You cannot fit into any form of body armour.
Your system is resistant to poisons. (rPois)
You are cold-blooded and may be slowed by cold attacks.
You possess an exceptional clarity of mind.
Your body often deteriorates upon taking damage.
You are frail. (-10% HP)
You are weak. (Str -2)
Potions and wands are less effective at restoring your health.
You expend magic power (3 MP) to strengthen your wands.


Message History

The tyrant leech is lightly wounded.
You slash the tyrant leech!
The tyrant leech is moderately wounded.
The tyrant leech bites you!!
* * * LOW HITPOINT WARNING * * *
The tyrant leech draws strength from your injuries!
You hit the tyrant leech but do no damage.
Your tail-slap misses the tyrant leech.
You closely miss the tyrant leech. The tyrant leech bites you!!
* * * LOW HITPOINT WARNING * * *
Your body deteriorates!
You feel weakened.
The tyrant leech draws strength from your injuries!
You slash the tyrant leech!
The tyrant leech is lightly wounded.
You closely miss the tyrant leech.
Your tail-slap misses the tyrant leech.
The tyrant leech is lightly wounded.
You barely miss the tyrant leech.
The tyrant leech is lightly wounded.
The tyrant leech bites you!!
You die...

## ####
#.##..# #
#...# ## ##.
##'###.##
#$..##.##...#
#w@<.'รท#
#..w##.##...#
##. #'###.##
# #.#.# ##
#.. ..# ##.
.## ## ##


You could see 2 tyrant leeches.

Vanquished Creatures
  A siren (D)
  4 neqoxecs (D)
  4 necrophages (D)
9 creatures vanquished.

Vanquished Creatures (others)
  A crocodile (D)
1 creature vanquished.

Grand Total: 10 creatures vanquished

Notes
Turn   | Place    | Note
-------+----------+-------------------------------------------
     0 | D        | Kagutsuchi the Draconian Berserker began the quest for the Orb.
     0 | D        | Reached XP level 1. HP: 19/19 MP: 1/1
     1 | D        | Noticed a necrophage
     1 | D        | Noticed a necrophage
     1 | D        | Noticed a necrophage
     1 | D        | Noticed a necrophage
    10 | D        | Killed a necrophage
    10 | D        | Reached skill level 5 in Long Blades
    10 | D        | Reached skill level 5 in Dodging
    10 | D        | Reached XP level 2. HP: 26/29 MP: 2/2
    10 | D        | Reached XP level 3. HP: 33/36 MP: 3/3
    10 | D        | Reached XP level 4. HP: 39/43 MP: 4/4
    16 | D        | Killed a necrophage
    16 | D        | Reached XP level 5. HP: 31/51 MP: 5/5
    19 | D        | Killed a necrophage
    19 | D        | Reached ** piety under Trog
    25 | D        | Killed a necrophage
    25 | D        | Reached XP level 6. HP: 24/61 MP: 6/6
   265 | D        | Noticed a tyrant leech
   265 | D        | Noticed a tyrant leech
   269 | D        | Noticed a siren
   275 | D        | Killed a siren
   275 | D        | Reached skill level 10 in Fighting
   275 | D        | Reached skill level 10 in Long Blades
   275 | D        | Your scales start taking on a lurid green colour.
   275 | D        | Reached XP level 7. HP: 72/72 MP: 7/7
   275 | D        | Gained mutation: Your system is resistant to poisons. (rPois) [Green Draconian growth]
   319 | D        | Noticed a neqoxec
   319 | D        | Noticed a neqoxec
   319 | D        | Noticed a neqoxec
   319 | D        | Noticed a neqoxec
   319 | D        | Gained mutation: You are weak. (Str -2) [a neqoxec]
   322 | D        | Killed a neqoxec
   322 | D        | Reached *** piety under Trog
   325 | D        | Killed a neqoxec
   326 | D        | Gained mutation: Your body sometimes deteriorates upon taking damage. [a neqoxec]
   328 | D        | Gained mutation: You expend magic power (3 MP) to strengthen your wands. [a neqoxec]
   331 | D        | Gained mutation: Your body often deteriorates upon taking damage. [a neqoxec]
   333 | D        | Gained mutation: Potions and wands are less effective at restoring your health. [a neqoxec]
   340 | D        | Gained mutation: You possess an exceptional clarity of mind. [a neqoxec]
   344 | D        | Killed a neqoxec
   344 | D        | Reached XP level 8. HP: 57/81 MP: 8/8
   345 | D        | Gained mutation: You are frail. (-10% HP) [a neqoxec]
   358 | D        | Reached **** piety under Trog
   558 | D        | HP: 1/108 [tyrant leech (25)]
   561 | D        | Demolished by a tyrant leech

Skill      XL: |  1  2  3  4  5  6  7 |
---------------+----------------------+-----
Fighting       | 6 7 8 10 11 | 11.6
Long Blades    | 5 7 8 10 11 | 11.4
Dodging        | 5 6 7 8 9 |  9.6

Action                   |  1- 3 |  4- 6 |  7- 9 || total
-------------------------+-------+-------+-------++-------
Melee: Falchion          |     8 |    19 |    46 ||    73
       Tailslap          |     1 |     5 |     5 ||    11
Invok: Berserk           |     1 |     1 |     2 ||     4
  Eat: Bread ration      |       |       |     1 ||     1
Armor: Skin              |     1 |     1 |     8 ||    10
Dodge: Dodged            |     1 |     8 |    41 ||    50
       Rpst.: Falchion   |       |     4 |    14 ||    18
